woodfighter, neutral female human Wizard ############################## ---- ----# .. ..|# ------------ ..- ..|# ##...........| ..| ..|# # |.......<..| ..| ..|####...........| -.| ..|# |..........| |a-+---..|# |..........| |.@...W..|# |..........| - -----@.-----.|# ------------ |......%.+ |.|# - ---?...| |.-# ----.-----.| +.......| |.......| -S....{.| ..............| ---------------- woodfighter the Thaumaturge Experience level: 7 Strength: 8 Dexterity: 12 Constitution: 15 Intelligence: 19 Wisdom: 14 Charisma: 8 Health: 0(50) Energy: 81(102) Def: 2 Gold: 191 Moves: 2428 Dungeon seed: W2WE9iXeWr0os6-e Game ID: woodfighter_1448287032 Your Inventory: Coins $ - 191 gold pieces Weapons a - a blessed +1 quarterstaff (weapon in hands) U - a +0 elven dagger Armor e - an uncursed +0 cloak of magic resistance (being worn) n - an uncursed +0 orcish helm (being worn) r - an uncursed +0 dwarvish cloak y - an uncursed +0 dwarvish cloak C - an uncursed +0 dwarvish cloak H - an uncursed +0 dwarvish cloak I - an uncursed +0 dwarvish cloak L - an uncursed +0 dwarvish cloak M - an uncursed +0 dwarvish cloak V - an uncursed +0 dwarvish cloak Y - an uncursed +0 leather jacket Comestibles k - an uncursed pancake v - 3 uncursed food rations B - an uncursed pizza O - an uncursed apple Scrolls g - 2 uncursed scrolls of scare monster l - an uncursed scroll of identify o - 2 uncursed scrolls of create monster w - an uncursed scroll of genocide W - an uncursed scroll of remove curse Z - an uncursed scroll of teleportation Spellbooks b - a blessed spellbook of force bolt c - an uncursed spellbook of create monster j - an uncursed spellbook of magic missile m - an uncursed spellbook of detect monsters S - an uncursed spellbook of extra healing Potions i - an uncursed potion of fruit juice t - an uncursed potion of sleeping R - an uncursed potion of object detection Rings h - a cursed ring of hunger Wands d - a wand of nothing (0:7) f - a wand of fire (0:6) u - a wand of digging (0:8) Tools p - 4 uncursed wax candles (0:400) s - a +0 pick-axe A - an uncursed partly used wax candle (0:358) E - 8 uncursed tallow candles (0:200) F - 2 cursed tallow candles (0:200) Gems q - an uncursed touchstone x - an uncursed worthless piece of yellow glass z - 2 uncursed worthless pieces of black glass G - an uncursed garnet stone J - an uncursed worthless piece of yellowish brown glass N - an uncursed worthless piece of blue glass P - an uncursed jacinth stone Q - 2 uncursed agate stones T - 2 uncursed worthless pieces of green glass Spells and supernatural/magical abilities: Name Level Category Fail Memory a - force bolt 1 attack 0% 88% O - create monster 2 clerical 54% 88% W - pray for help -- divine ? -- Your skills at the end: Miscellaneous Skills wands [Basic] Weapon Skills quarterstaff [Basic] Spellcasting Skills attack spells [Skilled] enchantment spells [Basic] Final Attributes: You were devoutly aligned. You were magic-protected. You are dead. Vanquished creatures: a giant beetle a gnome king 2 dwarf lords a wood nymph a yellow light 10 gnome lords a gnomish wizard 2 straw golems a giant ant 2 kittens 7 dwarves a kobold lord an iguana 3 hill orcs a rothe a giant bat an orc zombie 2 dwarf zombies a werejackal 4 killer bees a hobbit a gecko a cave spider a brown mold a red mold 22 gnomes 2 garter snakes 4 jackals 2 kobolds a newt 4 goblins 2 sewer rats 3 grid bugs a bat a kobold zombie 91 creatures vanquished. Voluntary challenges: You did not adorn yourself with jewelry or accessories. You were an atheist. You used a wielded weapon 32 times, starting on turn 19. You did not apply a unicorn horn. You were illiterate. You never genocided any monsters. You never polymorphed an object. You never changed form. You used no wishes. You never split a pudding. You never wrote Elbereth's name. You violated your moral code, losing 1 point of alignment, starting on turn 1385. Dungeon overview: The Dungeons of Doom: levels 1 to 3 Level 1 (vault) a fountain a long staircase Level 2 a fountain stairs to The Gnomish Mines Level 3 The Gnomish Mines: levels 3 to 6 Level 3 stairs to The Dungeons of Doom Level 4 Level 5 Level 6 <- You were here a fountain History has recorded: On T:1 you entered the Dungeons of Doom to retrieve the Amulet of Yendor! On T:200 you reached level 2 of The Dungeons of Doom. On T:488 you advanced to experience level 2. On T:552 you reached level 1 of The Gnomish Mines. On T:648 you reached level 3 of The Dungeons of Doom. On T:840 you advanced to experience level 3. On T:842 you reached level 2 of The Gnomish Mines. On T:849 you advanced to experience level 4. On T:1044 you advanced to experience level 5. On T:1452 you advanced to experience level 6. On T:1673 you reached level 3 of The Gnomish Mines. On T:2150 you advanced to experience level 7. On T:2251 you reached level 4 of The Gnomish Mines. Score breakdown: Gold: 191 ( 19 points) Experience: 7 levels ( 600 points) Exploration: 6 levels ( 150 points) Discoveries: 3 items ( 150 points) Variety of kills: 35 monsters ( 1750 points) Major goal: (nothing yet) ( 0 points) Survival: died (score multiplied by 3) Total score: 8007 Latest messages: The spell hits the soldier ant! The soldier ant bites! The soldier ant stings! You die... Final status: Goodbye woodfighter the Wizard, killed by a soldier ant... You died in The Gnomish Mines on dungeon level 6 with 8007 points, and 191 pieces of gold, after 2428 moves. You were level 7 with a maximum of 50 hit points when you died.